 Dungeon Crawl Stone Soup version 0.29.1-2-gbd0b4ee654 (webtiles) character file.

Game seed: 2184729665565611135

85 Insertrandomname the Digger (level 4, -3/30 HPs)
             Began as a Barachi Earth Elementalist on Nov 5, 2022.
             Was a Follower of Jiyva.
             Slain by Sigmund
             ... wielding a +0 scythe
              (10 damage)
             ... on level 3 of the Dungeon.
             The game lasted 00:10:24 (2971 turns).

Insertrandomname the Digger (BaEE)                  Turns: 2971, Time: 00:10:24

Health: -3/30      AC:  2    Str: 11    XL:     4   Next: 48%
Magic:  8/8        EV: 12    Int: 16    God:    Jiyva [*.....]
Gold:   31         SH:  0    Dex: 12    Spells: 2/8 levels left

rFire   + . .      SeeInvis .   c - +1 whip
rCold   x . .      Faith    .   (no shield)
rNeg    . . .      Spirit   .   a - +0 robe
rPois   .          Reflect  .   (no helmet)
rElec   .          Harm     .   f - scarf {shadows}
rCorr   .          Rampage  .   (no gloves)
Will    .....                   (no boots)
Stlth   ++........              (no amulet)
HPRegen 0.90/turn               e - ring of fire
MPRegen 0.36/turn               (no ring)

@: about to teleport, slow
A: amphibious, slowness 1, strong legs 1, +LOS
a: Hop, Renounce Religion


You were on level 3 of the Dungeon.
You worshipped Jiyva.
Jiyva was aware of your devotion.
You visited 1 branch of the dungeon, and saw 3 of its levels.

You collected 31 gold pieces.

Inventory:

Hand Weapons
 c - a +1 whip (weapon)
Missiles
 i - 10 stones
Armour
 a - a +0 robe (worn)
 f - a scarf of shadows (worn)
Jewellery
 e - a ring of fire (left hand)
Scrolls
 d - 2 scrolls of silence
Potions
 b - a potion of magic
 j - a potion of berserk rage {unknown}
 k - a potion of haste {unknown}


   Skills:
 + Level 0.2 Fighting
 + Level 1.1 Maces & Flails
 + Level 2.4 Dodging
 + Level 2.0 Stealth
 + Level 0.4 Unarmed Combat
 + Level 2.9 Spellcasting
 + Level 1.1 Transmutations
 + Level 4.1 Earth Magic


You had 2 spell levels left.
You knew the following spells:

 Your Spells              Type           Power      Damage    Failure   Level
a - Sandblast             Erth           30%        2d9       3%          1
b - Passwall              Tmut/Erth      8%         N/A       10%         2
c - Stone Arrow           Conj/Erth      18%        3d8       24%         3

Your spell library contained the following spells:

 Spells                   Type           Power      Damage    Failure   Level
 Petrify                  Tmut/Erth      10%        N/A       54%         4


Dungeon Overview and Level Annotations

Branches:
Dungeon (3/15)

Altars:
Jiyva

Annotations:
D:3 Sigmund


Innate Abilities, Weirdness & Mutations

You are amphibious.
You cover ground slowly.
You can hop short distances.
You have an extended range of vision and can be seen from far away.


Message History

Confirm with . or Enter, or press ? or * to list all spells.
You don't know that spell.
Something hits you. Something hits you.
You hit something.
You hear some strange, mumbled words.
You are confused.
Your magical contamination has completely faded away.
You bump into the rock wall.
You hear some strange, mumbled words.
Something tries to affect you, but you resist.
You're too confused to cast spells.
Okay, then.
You're too confused to cast spells.
You're too confused to cast spells.
Okay, then.
You're too confused to cast spells.
Okay, then.
Okay, then.
You bump into the rock wall.
Something hits you!
You bump into the rock wall.
You bump into the rock wall.
Something completely misses you.
You completely miss something. Something hits you.
You bump into the rock wall.
You're too confused to move!
You feel less confused. Something hits you.
You hit something. Something hits you!
* * * LOW HITPOINT WARNING * * *
As you read the scroll labelled NIPEBAO ATRIXTU, it crumbles to dust.
It is a scroll of enchant weapon.
Your +0 whip glows red for a moment.
As you read the scroll labelled VIEWNOCAPE, it crumbles to dust.
You feel strangely unstable.
It was a scroll of teleportation.
You hear some strange, mumbled words.
A puff of flame appears from out of thin air!
The puff of flame hits you. You resist.
* * * LOW HITPOINT WARNING * * *
Something hits you!
You die...

#.........###
#............
#......@..#
#.## #..#
##.# #.####
#..{.# ##
####@# #. #.#
.. #####.##
.#
#......##.#
#....#.#..#
#........#
#....#..##
#....##.####
#....##....##


There were no monsters in sight!

Vanquished Creatures
  2 adders
  A gnoll (D:1)
  A worm (D:2)
  A dart slug (D:2)
  7 bats
  3 endoplasms
  2 giant cockroaches (D:1)
  A goblin (D:1)
  6 hobgoblins
  6 jackals
  5 kobolds
  3 quokkas
  2 ball pythons (D:2)
  A frilled lizard (D:1)
  2 rats
43 creatures vanquished.

Vanquished Creatures (others)
  2 worms (D:2)
  3 bats (D:2)
  An endoplasm (D:3)
  A quokka (D:2)
  A goblin (D:2)
8 creatures vanquished.

Grand Total: 51 creatures vanquished

Notes
Turn   | Place    | Note
-------+----------+-------------------------------------------
     0 | D:1      | Insertrandomname the Barachi Earth Elementalist began the
                  | quest for the Orb.
     0 | D:1      | Reached XP level 1. HP: 13/13 MP: 3/3
   305 | D:1      | Reached XP level 2. HP: 14/19 MP: 5/5
   765 | D:1      | Learned a level 2 spell: Passwall
   792 | D:1      | Reached XP level 3. HP: 24/24 MP: 3/6
  1841 | D:2      | Reached skill level 4 in Earth Magic
  2008 | D:2      | Reached XP level 4. HP: 30/30 MP: 5/8
  2134 | D:2      | Found a faded altar of an unknown god.
  2169 | D:2      | Prayed at the altar of an unknown god.
  2169 | D:2      | Became a worshipper of Jiyva Josim the Shapeless
  2169 | D:2      | Reached * piety under Jiyva
  2456 | D:2      | Reached skill level 1 in Maces & Flails
  2926 | D:3      | Learned a level 3 spell: Stone Arrow
  2944 | D:3      | Noticed Sigmund
  2971 | D:3      | Slain by Sigmund

Illustrated notes

Levels and vault maps discovered:
D:1:      minmay_arrival_checkered_box, layout_loops_ring, nicolae_grassy_gnolls
D:2:      layout_basic, chequers_ecumenical_altar_simple, minivault_19,
          nicolae_figureground_pulse
D:3:      layout_rooms, kennysheep_generic_room_6, uniq_sigmund

Skill      XL: |  1  2  3  4 |
---------------+-------------+-----
Earth Magic    | 4 |  4.1
Stealth        | 2 |  2.0
Maces & Flails | 1 |  1.1
Fighting       | |  0.2
Dodging        | |  2.4
Unarmed Combat | |  0.4
Spellcasting   | |  2.9
Transmutations | |  1.1

Action                   |  1- 3 |  4- 6 || total
-------------------------+-------+-------++-------
Melee: Whip              |    72 |    43 ||   115
       Unarmed           |     3 |       ||     3
       Punch             |     1 |       ||     1
 Cast: Sandblast         |    28 |    12 ||    40
       Passwall          |       |     1 ||     1
 Abil: Hop               |       |     3 ||     3
  Use: Scroll            |     1 |     2 ||     3
 Stab: Sleeping          |     5 |     2 ||     7
Armor: Robe              |    36 |     5 ||    41
Dodge: Dodged            |    64 |    34 ||    98
